Map: Jagannatha LE

Players

zumpy

  • Race: Protoss Protoss
  • League: Master
  • Spawn Location: 7:00

CholmesInk - Winner!

  • Race: Zerg Zerg
  • League: Diamond
  • Spawn Location: 1:00

VOD

Have the link to the VOD?

Description

Time

  • Played on: Jan. 21, 2021, 1:48 p.m.
  • Length: 12:18
Show
View Real Time Build Order
Export as new Build Order

zumpy Protoss 

Build Orders: 1 Gate Expand 

Get SALT Encoding   

  12  0:00  Probe  
  13  0:12  Probe  
  14  0:20  Pylon  
  14  0:24  Probe  
  15  0:38  Probe (Chrono Boost)  
  15  0:40  Gateway  
  16  0:47  Probe (Chrono Boost)  
  17  0:53  Probe  
  17  0:56  Assimilator  
  18  1:05  Probe  
  19  1:17  Probe  
  20  1:25  Nexus  
  20  1:39  Cybernetics Core  
  20  1:41  Probe  
  21  1:47  Assimilator  
  21  1:53  Probe  
  22  1:57  Pylon  
  22  2:05  Probe  
  23  2:14  Adept (Chrono Boost)  
  23  2:19  Probe  
  26  2:26  Stargate  
  26  2:31  Probe  
  26  2:34  Adept (Chrono Boost)  
  29  2:49  Probe x2  
  29  2:51  Warp Gate  
  31  3:07  Void Ray (Chrono Boost)  
  31  3:09  Probe x2  
  31  3:11  Adept  
  39  3:24  Pylon  
  39  3:25  Probe (Chrono Boost)  
  39  3:26  Probe (Chrono Boost)  
  39  3:30  Gateway  
  39  3:32  Shield Battery  
  40  3:37  Probe (Chrono Boost)  
  40  3:39  Probe (Chrono Boost)  
  40  3:41  Pylon  
  40  3:42  Void Ray (Chrono Boost)  
  44  3:50  Probe  
  45  4:01  Probe  
  47  4:10  Probe (Chrono Boost)  
  47  4:13  Assimilator, Probe (Chrono Boost), Robotics Facility  
  48  4:23  Probe (Chrono Boost)  
  50  4:24  Probe (Chrono Boost)  
  50  4:28  Probe (Chrono Boost)  
  51  4:32  Probe  
  52  4:39  Probe  
  52  4:40  Adept, Sentry  
  52  4:44  Assimilator, Probe  
  58  4:51  Probe  
  59  4:56  Probe  
  60  5:02  Warp Prism (Chrono Boost)  
  60  5:04  Pylon  
  62  5:07  Robotics Bay  
  62  5:09  Forge  
  62  5:13  Pylon  
  62  5:16  Gateway  
  62  5:18  Gateway  
  62  5:22  Probe x2  
  62  5:25  Nexus  
  64  5:30  Pylon  
  64  5:34  Sentry x2  
  64  5:35  Probe x2  
  69  5:38  Observer (Chrono Boost)  
  71  5:51  Disruptor (Chrono Boost)  
  71  5:52  Protoss Ground Weapons Level 1, Probe x2  
  71  5:55  Gravitic Drive  
  76  6:02  Phoenix (Chrono Boost)  
  74  6:12  Stalker  
  74  6:13  Stalker  
  78  6:20  Probe x2, Photon Cannon  
  78  6:22  Shield Battery  
  78  6:23  Photon Cannon, Shield Battery  
  80  6:32  Probe  
  77  6:44  Stalker x4  
  85  7:01  Phoenix (Chrono Boost)  
  80  7:03  Immortal (Chrono Boost)  
  80  7:07  Gateway x2  
  86  7:11  Twilight Council  
  84  7:35  Stalker x3  
  84  7:36  Stalker  
  57  7:55  Blink (Chrono Boost), Probe (Chrono Boost)  
  60  7:59  Probe x2 (Chrono Boost)  
  61  8:06  Probe (Chrono Boost)  
  61  8:07  Shield Battery  
  61  8:08  Probe (Chrono Boost)  
  61  8:10  Probe (Chrono Boost)  
  61  8:11  Probe (Chrono Boost)  
  63  8:13  Probe (Chrono Boost)  
  63  8:14  Pylon  
  63  8:19  Probe  
  66  8:21  Probe  
  66  8:24  Probe  
  68  8:30  Templar Archives  
  68  8:31  Probe  
  68  8:34  Probe  
  70  8:36  Probe  
  70  8:40  Observer  
  72  8:43  Probe  
  72  8:46  Probe  
  74  8:49  Probe  
  74  8:55  Probe, Colossus  
  75  8:58  Probe  
  75  9:01  Probe, Pylon  
  78  9:08  Probe  
  79  9:10  Probe  
  79  9:12  Stalker x3  
  84  9:26  Cybernetics Core  
  82  9:31  Gateway  
  81  9:41  High Templar x4  
  81  9:42  Probe  
  81  9:43  Probe x2  
  92  9:48  Warp Prism (Chrono Boost)  
  92  9:50  Archon x2  
  94  9:54  Probe  
  94  9:57  Probe x2  
  97  10:07  Probe  
  98  10:08  Photon Cannon  
  98  10:09  High Templar  
  98  10:13  Pylon  
  100  10:15  Probe, Pylon  
  100  10:17  Pylon  
  100  10:19  Pylon  
  101  10:23  Pylon  
  101  10:31  Probe  
  100  10:48  High Templar x3  
  100  10:49  Stalker, High Templar  
  108  10:50  Stalker  
  108  10:55  Archon  
  108  10:56  Archon  
  110  11:15  Pylon  
  110  11:16  Pylon  
  108  11:31  Pylon  
  108  11:33  Warp Prism (Chrono Boost)  
  108  11:34  Pylon  
  108  11:37  Stalker x4  
  108  11:38  Probe x3, Pylon  
  101  11:44  Photon Cannon  
  101  11:45  Assimilator  
  87  11:47  Assimilator  
  87  11:50  Probe x2  
  87  11:52  Photon Cannon  
  89  11:59  Zealot x2  
  89  12:00  Stalker x2, Zealot  
Show
View Real Time Build Order
Export as new Build Order

CholmesInk Zerg - Winner!

Build Orders: Hatch First, Muta Ling Bane 

Get SALT Encoding   

  12  0:00  Drone  
  13  0:11  Overlord  
  13  0:17  Drone  
  14  0:30  Drone x2  
  16  0:48  Hatchery  
  15  0:51  Drone  
  16  0:57  Drone  
  16  1:00  Drone, Extractor  
  17  1:17  Drone  
  18  1:19  Spawning Pool  
  18  1:25  Drone  
  18  1:35  Drone  
  19  1:41  Overlord  
  19  2:01  Drone x3  
  19  2:05  Queen  
  19  2:06  Queen  
  26  2:10  Metabolic Boost  
  26  2:18  Zergling x4  
  28  2:30  Drone x2  
  28  2:32  Overlord  
  30  2:39  Drone  
  31  2:51  Drone  
  31  2:52  Drone  
  31  2:54  Lair, Extractor  
  31  3:04  Zergling x6  
  32  3:20  Spore Crawler  
  32  3:26  Drone x2  
  32  3:27  Drone x6  
  40  3:42  Overlord x2  
  40  3:44  Queen  
  40  3:45  Drone  
  43  3:48  Extractor  
  43  3:49  Extractor  
  40  4:01  Hatchery  
  39  4:07  Drone x6  
  45  4:16  Spire  
  44  4:30  Overlord x2  
  44  4:31  Overlord  
  44  4:36  Overlord  
  44  4:52  Drone  
  45  4:53  Drone x8  
  52  5:10  Baneling Nest  
  51  5:29  Mutalisk  
  51  5:30  Mutalisk x7  
  51  5:32  Mutalisk  
  69  5:46  Zerg Flyer Weapons Level 1  
  69  5:57  Overlord, Queen  
  69  5:58  Overlord x2  
  69  6:00  Mutalisk  
  73  6:17  Zergling x2  
  73  6:18  Zergling x24  
  86  6:39  Baneling x3  
  86  6:40  Baneling x3  
  86  6:42  Mutalisk x3  
  86  6:43  Mutalisk  
  92  6:50  Baneling  
  92  6:51  Baneling  
  92  6:52  Baneling  
  89  7:02  Baneling x6  
  89  7:03  Zergling x8  
  89  7:04  Zergling x8  
  95  7:10  Drone x2  
  83  7:45  Zergling x2  
  83  7:46  Zergling x30  
  94  8:05  Drone  
  94  8:06  Drone x3  
  94  8:07  Overlord x4  
  94  8:09  Zerg Flyer Weapons Level 2, Hatchery  
  94  8:10  Centrifical Hooks  
  97  8:16  Baneling x16  
  97  8:24  Overlord  
  97  8:30  Drone x6  
  103  8:44  Drone x6  
  103  8:45  Drone x3  
  112  8:53  Infestation Pit  
  111  8:56  Evolution Chamber  
  111  8:57  Drone, Evolution Chamber  
  111  8:58  Drone x6  
  111  9:01  Extractor  
  115  9:03  Extractor  
  92  9:27  Mutalisk x7  
  106  9:35  Mutalisk  
  106  9:49  Zergling x24  
  118  9:54  Hive  
  118  9:56  Zerg Melee Weapons Level 1  
  118  9:59  Hatchery  
  117  10:02  Overseer  
  117  10:05  Zergling x12  
  123  10:22  Extractor  
  123  10:24  Baneling x5  
  123  10:25  Baneling x12  
  123  10:27  Extractor, Zergling x12  
  123  10:28  Zergling x12  
  131  10:43  Mutalisk x3  
  131  10:46  Zergling x12  
  141  10:56  Pneumatized Carapace  
  141  11:00  Overlord x4  
  139  11:19  Zergling x20  
  139  11:20  Zergling x12  
  149  11:38  Mutalisk  
  149  11:39  Mutalisk x6  
  134  11:45  Drone x4  
  134  11:46  Drone x4  
Tags
 
Add a new tag
Caveats
  • Supply blocks, unpowered buildings, or Contaminate may cause inaccurate times.
  • Supply counts are checked every 10 seconds.